 Dungeon Crawl Stone Soup version 0.30.1 (webtiles) character file.

Game seed: 3924371175957673939

246870 tizbic2 the Protected (level 18, -13/149 HPs)
             Began as an Armataur Venom Mage on June 30, 2023.
             Was the Champion of Qazlal.
             Killed from afar by a lich (19 damage)
             ... with a bolt of cold
             ... on level 4 of the Abyss on July 1, 2023.
             The game lasted 03:42:10 (28733 turns).

tizbic2 the Protected (Armataur Venom Mage)        Turns: 28733, Time: 03:42:11

Health: -13/149    AC: 37    Str: 20 (23) XL:     18   Next: 80%
Magic:  21/38      EV:  6    Int: 29      God:    Qazlal [******]
Gold:   3151       SH:  8    Dex:  7      Spells: 6/42 levels left

rFire   + + .        r - +8 quarterstaff "Pop Yqo" {venom, Will++ Str+2 SInv}
rCold   + + .        (shield currently unavailable)
rNeg    . . .        X - +6 scale mail of the Rose {Int+6}
rPois   +            L - +2 helmet
rElec   .            s - +2 cloak
rCorr   +            o - +2 pair of gloves
SInv    +            p - +3 barding "Omiriaf" {Int+4}
Will    ++++.        O - amulet of regeneration Stlth
                     u - ring of Kytwok {Will+ rCorr Int+6}
HPRegen 1.24/turn    x - ring of Xom's Ringing Laughter {Fly rF+ Int-3 SInv}
MPRegen 0.26/turn

%: repel missiles, roll
@: protected from cold, flying, invisible, unable to read
A: large, rugged brown scales 3, deformed body, armoured tail, roll, long
tongue, awkward tongue, iridescent scales 1, cold resistance 1, fire resistance
1, frail 1, high MP 1, poison resistance, inability to drink after injury 1,
inability to read after injury 1, [clumsy 2], [deterioration 2], [no potion heal
2]
}: 2/15 runes: decaying, gossamer
a: Renounce Religion, Upheaval, Elemental Force, Disaster Area


You were on level 4 of the Abyss.
You worshipped Qazlal.
Qazlal was exalted by your worship.
You visited 7 branches of the dungeon, and saw 34 of its levels.
You visited the Abyss 1 time.
You also visited: Ossuary, Bailey, Gauntlet and Ice Cave.

You collected 3560 gold pieces.
You spent 409 gold pieces at shops.

Inventory:

Hand Weapons
 a - the +7 staff of the Meek {protect, meekguard}
   (You found it on level 6 of the Dungeon)
 l - the +8 arc blade {discharge, rElec}
   (You took it off a spriggan in a bailey)

   rElec:     It insulates you from electricity.
 r - the +8 quarterstaff "Pop Yqo" (weapon) {venom, Will++ Str+2 SInv}
   (You found it on level 3 of the Lair of Beasts)

   Str:       It affects your strength (+2).
   SInv:      It lets you see invisible.
   Will:      It greatly increases your willpower.
Missiles
 B - 5 throwing nets
Armour
 o - a +2 pair of gloves (worn)
 p - the +3 barding "Omiriaf" (worn) {Int+4}
   (You acquired it on level 11 of the Dungeon)

   Int:       It affects your intelligence (+4).
 s - a +2 cloak (worn)
 L - a +2 helmet (worn)
 R - a scarf of resistance
 X - the +6 scale mail of the Rose (worn) {Int+6}
   (You found it on level 4 of the Lair of Beasts)

   Int:       It affects your intelligence (+6).
Magical Staves
 w - a staff of poison
Jewellery
 u - the ring of Kytwok (left hand) {Will+ rCorr Int+6}
   (You found it on level 10 of the Dungeon)

   [ring of intelligence]

   Int:       It affects your intelligence (+6).
   rCorr:     It protects you from acid and corrosion.
   Will:      It increases your willpower.
 x - the ring of Xom's Ringing Laughter (right hand) {Fly rF+ Int-3 SInv}
   (You found it in a Gauntlet)

   [ring of flight]

   Int:       It affects your intelligence (-3).
   rF:        It protects you from fire.
   SInv:      It lets you see invisible.
   Fly:       It grants you flight.
 J - a +4 ring of slaying
 O - an amulet of regeneration (around neck)
 Z - the ring "Edil" {Ice rElec Will+ Str-5 Slay+3 SInv}
   (You found it on level 10 of the Dungeon)

   [ring of ice]

   It enhances your ice magic.
   Str:       It affects your strength (-5).
   Slay:      It affects your accuracy & damage with ranged weapons and melee
   (+3).
   rF:        It makes you vulnerable to fire.
   rC:        It protects you from cold.
   rElec:     It insulates you from electricity.
   SInv:      It lets you see invisible.
   Will:      It increases your willpower.
Wands
 m - a wand of quicksilver (30)
 t - a wand of roots (16)
 U - a wand of mindburst (45)
 V - a wand of digging (8)
 W - a wand of charming (18)
Scrolls
 h - 3 scrolls of enchant weapon
 k - 3 scrolls of vulnerability
 n - 5 scrolls of enchant armour
 q - 3 scrolls of brand weapon
 y - 9 scrolls of amnesia
 C - 17 scrolls of identify
 G - 16 scrolls of teleportation
 H - 6 scrolls of poison
 I - 7 scrolls of magic mapping
 K - 5 scrolls of fear
 P - 4 scrolls of immolation
 T - 2 scrolls of fog
Potions
 b - 2 potions of magic
 d - 5 potions of might
 e - 2 potions of invisibility
 f - 19 potions of curing
 g - 5 potions of resistance
 i - 2 potions of cancellation
 j - 9 potions of flight
 v - 8 potions of brilliance
 z - 7 potions of ambrosia
 A - a potion of heal wounds
 D - 2 potions of berserk rage
 F - 3 potions of haste
 M - 9 potions of lignification
 N - 10 potions of mutation
 Y - 5 potions of attraction
Miscellaneous
 c - a phantom mirror
 Q - a phial of floods
 S - a lightning rod (4/4)


   Skills:
 * Level 11.8 Fighting
 - Level 5.8(8.4) Maces & Flails
 - Level 9.4(10.1) Staves
 - Level 12.7 Armour
 - Level 3.2 Dodging
 - Level 2.1 Stealth
 + Level 12.7 Spellcasting
 - Level 7.5 Conjurations
 * Level 5.0 Summonings
 - Level 2.0 Translocations
 - Level 4.2 Transmutations
 - Level 6.6 Fire Magic
 - Level 9.9 Ice Magic
 - Level 9.8 Air Magic
 - Level 9.2 Poison Magic
 - Level 9.3 Invocations
 - Level 6.9 Evocations


You had 6 spell levels left.
You knew the following spells:

 Your Spells              Type           Power      Damage    Failure   Level
a - Sting                 Tmut/Pois      100%       1d8       1%          1
b - Poisonous Vapours     Pois/Air       100%       N/A       1%          2
c - Olgreb's Toxic Radia  Pois           64%        N/A       1%          4
d - Blink                 Tloc           60%        N/A       4%          2
e - Mephitic Cloud        Conj/Pois/Air  63%        N/A       1%          3
f - Alistair's Intoxicat  Tmut/Pois      36%        N/A       11%         5
g - Ignite Poison         Fire/Tmut/Pois 55%        N/A       1%          3
h - Freezing Cloud        Conj/Ice/Air   32%        6-21      4%          5
i - Frozen Ramparts       Ice            100%       1d16      1%          3
j - Airstrike             Air            33%        2d(5-21)  1%          4
k - Summon Lightning Spi  Summ/Air       58%        N/A       3%          4

Your spell library contained the following spells:

 Spells                   Type           Power      Damage    Failure   Level
 Freeze                   Ice            100%       1d10      1%          1
 Cigotuvi's Dreadful Rot  Necr/Pois/Air  100%       N/A       1%          2
 Momentum Strike          Conj/Tloc      92%        3d10      1%          2
 Static Discharge         Conj/Air       100%       2-7/arc   1%          2
 Hailstorm                Conj/Ice       62%        3d13      1%          3
 Vhi's Electric Charge    Tloc/Air       100%       N/A       1%          3
 Apportation              Tloc           60%        N/A       2%          1
 Call Canine Familiar     Summ           47%        N/A       2%          3
 Ice Form                 Ice/Tmut       56%        N/A       3%          4
 Lesser Beckoning         Tloc           60%        N/A       4%          2
 Arcjolt                  Conj/Air       31%        1d41      4%          5
 Slow                     Hex            72%        N/A       6%          1
 Summon Guardian Golem    Hex/Summ       33%        N/A       7%          3
 Portal Projectile        Hex/Tloc       48%        N/A       12%         3
 Confusing Touch          Hex            18%        N/A       19%         3
 Vampiric Draining        Necr           18%        2d7       19%         3
 Animate Armour           Summ/Erth      66%        N/A       22%         4
 Metabolic Englaciation   Hex/Ice        23%        N/A       22%         5
 Manifold Assault         Tloc           30%        N/A       26%         4
 Petrify                  Tmut/Erth      30%        N/A       26%         4
 Blade Hands              Tmut           21%        N/A       30%         5
 Plasma Beam              Fire/Air       30%        2x1d47    32%         6
 Leda's Liquefaction      Hex/Erth       9%         N/A       52%         4
 Simulacrum               Ice/Necr       23%        N/A       77%         6
 Iron Shot                Conj/Erth      20%        9d5       90%         6
 Statue Form              Tmut/Erth      20%        N/A       98%         6
 Orb of Destruction       Conj           29%        9d9       93%         7
 Storm Form               Tmut/Air       28%        N/A       96%         7
 Spellforged Servitor     Conj/Summ      26%        N/A       98%         7


Dungeon Overview and Level Annotations

Branches:
Dungeon (15/15)            Temple (0/1) D:5            Lair (5/5) D:11
  Swamp (4/4) Lair:3       Spider (4/4) Lair:3        Slime (2/5) Lair:4
    Orc (2/2) D:11            Elf (0/3) Orc:2        Vaults (2/5) D:13
 Depths (0/4) D:15        Ossuary (visited)          Bailey (visited)
  IceCv (visited)         Gauntlet (visited)
  Crypt: Vaults:2-3

Altars:
Ashenzari
Gozag
Makhleb
Qazlal
Trog
Vehumet
Yredelemnul
The Shining One
Jiyva

Shops:
D:7 **   D:15 =   Orc:2 [((   Vaults:1 *

Portals:
Hell: Lair:5

Annotations:
D:11 5 transporters
Swamp:4 3 runed translucent doors, Ykec Esm's ghost, journeyman DrWn


Innate Abilities, Weirdness & Mutations

You are completely covered in rugged brown scales. (AC +3, +7% HP)
Armour fits poorly on your strangely shaped body.
You have a long armoured tail.
You roll when moving toward enemies. (Rampage)
Your long tongue fully drains potion bottles. (2x potion effects)
Your tongue gives you trouble enunciating. (1.5x scroll delay)
You are partially covered in iridescent scales. (AC +2)
Your flesh is cold resistant. (rC+)
Your flesh is heat resistant. (rF+)
You are frail. (-10% HP)
You have an increased reservoir of magic. (+10% MP)
Your system is resistant to poisons. (rPois)
You occasionally lose the ability to drink potions when taking damage.
You occasionally lose the ability to read scrolls when taking damage.
[You are very clumsy. (Dex -4)]
[Your body often deteriorates upon taking damage.]
[Potions cannot restore your health.]


Message History

* * * LOW HITPOINT WARNING * * *
The wretched star is engulfed in blazing flames.
The wretched star pulses with an eldritch light!
You feel yourself wasting away.
You feel your body start to fall apart.
Activating: Disaster Area (9% risk of failure)
Press: ? - help, Dir - look around, f - activate Nature churns violently around you!
The blast of magma engulfs the starcursed mass!!
The starcursed mass is heavily damaged.
The blast of magma engulfs the starcursed mass!
The starcursed mass is lightly damaged.
The blast of ice hits the thorn hunter!
The thorn hunter is lightly damaged.
The thorn hunter is flash-frozen.
The blast of ice hits the starcursed mass.
The starcursed mass is severely damaged.
The starcursed mass is flash-frozen.
The blast of ice hits the starcursed mass!!
The starcursed mass is heavily damaged.
The starcursed mass is flash-frozen.
The blast of ice hits the bone dragon!
The bone dragon partially resists.
The bone dragon is lightly damaged.
The bone dragon is flash-frozen.
The cutting wind hits the wretched star!!
The wretched star is heavily damaged.
The cutting wind hits the ancient zyme!!
The ancient zyme is heavily damaged.
The cutting wind hits the raiju!
The raiju is severely wounded.
The blast of rubble hits the ancient zyme!!
The ancient zyme is almost destroyed.
The blast of rubble hits the wretched star!
The wretched star is severely damaged.
The starcursed mass shudders and is absorbed by its neighbour.
You block the flying skull's attack.
The lich is engulfed in freezing vapours.
The lich casts a spell at you.
The bolt of cold hits the flying skull!
The flying skull resists.
The bolt of cold hits you!! You resist.
You die...

......##3#...##..#
. ...
x.#.##3...#.#
..#.. h..○.......#
. w. .###.[∩#⌠..
.# . .○# #§○○### #
. X . .x.#
#.h*#.### ...
........⌠#.∩○xLD#
. L. #...#.z## . R
..B.#....###@# .
... .#..### #X# .
. #..#.# f## ##
#...## . .X . .⌠
φX #≈..# #.... .
## x... ...# ## #⌠
#...## . .# #..
#####. ... .


You could see a bone dragon (frozen), 2 starcursed masses, a thorn hunter
(frozen), a lich (fast), a wretched star, an ancient zyme (unable to see you), a
raiju and a flying skull (unable to see you).

Vanquished Creatures
  the Lernaean hydra (Swamp:4)
  Arachne (Spider:2)
  A tentacled monstrosity (Swamp:4)
  Mlioglotl (Spider:1)
  2 sphinxes (Vaults:1)
  3 tentacled starspawn (Abyss:4)
  Kirke (Lair:5)
  Gastronok (Lair:2)
  Agnes (D:15)
  Donald (Orc:2)
  Roxanne (Spider:2)
  A fenstrider witch (Swamp:2)
  3 ghost moths
  2 vault wardens (Vaults:1)
  5 emperor scorpions
  An ironbound preserver (Vaults:1)
  3 orc warlords
  A broodmother (Spider:3)
  A stone giant (Vaults:1)
  An ironbound thunderhulk (Vaults:1)
  An eleionoma (Swamp:3)
  Azrael (D:13)
  3 bunyips
  4 dire elephants (Vaults:1)
  A spark wasp (Spider:4)
  The ghost of Aerthanath the Blocker, a journeyman MiBe of Trog (Vaults:1)
  A minotaur (Gauntlet)
  3 fire dragons (D:15)
  Josephine (Lair:5)
  A shambling mangrove (Swamp:2)
  An ice dragon (D:11)
  17 hydras
  2 entropy weavers (Spider:4)
  A great orb of eyes (Vaults:1)
  9 centaur warriors
  A jorogumo (Spider:3)
  3 ogre magi
  9 alligators
  7 boulder beetles
  3 radroaches
  Erica (Lair:2)
  16 two-headed ogres
  2 catoblepae
  3 tengu warriors
  A thrashing horror (Abyss:4)
  2 sun demons
  A skyshark (Lair:5)
  Nergalle (Orc:1)
  2 sixfirhies
  A fire crab (shapeshifter) (D:14)
  5 goliath frogs
  6 pharaoh ants
  A shadow wraith (D:13)
  3 deep trolls (Vaults:1)
  2 spriggan druids
  2 wretched stars
  A sun moth (Spider:2)
  A death drake (Swamp:1)
  6 orb spiders
  17 swamp dragons
  2 ironbound convokers (Vaults:1)
  A lindwurm (Lair:5)
  5 wizards
  2 deep elf pyromancers
  7 orc knights
  3 bog bodies (Swamp:2)
  3 steelbarb worms
  A necromancer (Vaults:1)
  4 harpies (Vaults:1)
  23 wolf spiders
  An oklob plant (Lair:4)
  6 orc sorcerers
  A worldbinder (Abyss:4)
  3 manticores
  Joseph (D:7)
  3 will-o-the-wisps
  A shining eye (Slime:1)
  14 ugly things
  A fire giant zombie (Vaults:1)
  26 elephants
  6 cyclopes
  Maurice (D:10)
  5 black mambas
  4 demonic crawlers
  5 moths of wrath
  3 vault sentinels (Vaults:1)
  2 smoke demons
  2 ice statues (IceCv)
  2 torpor snails (Spider:2)
  2 gargoyles (D:13)
  12 cane toads
  3 orange demons
  4 rime drakes
  An efreet (D:10)
  A human skeleton (Vaults:1)
  6 komodo dragons
  2 freezing wraiths
  5 yaktaurs (Vaults:1)
  10 ice devils
  A tengu conjurer (Gauntlet)
  An anaconda simulacrum (IceCv)
  A yaktaur skeleton (Vaults:1)
  A meliai (shapeshifter) (D:14)
  2 red devils (Lair:5)
  2 polar bears
  7 trolls
  Grinder (D:4)
  22 tarantellas
  16 tyrant leeches
  13 hornets
  27 blink frogs
  28 jumping spiders
  5 dream sheep (Lair:5)
  13 culicivoras
  7 slime creatures
  Sigmund (D:3)
  49 yaks
  2 flying skulls (Abyss:4)
  A small abomination (Abyss:2)
  A centaur simulacrum (D:14)
  10 spriggans
  6 wraiths
  2 vampires
  4 shadows
  2 wyverns
  A large abomination (Abyss:4)
  4 fire elementals (D:13)
  6 hogs (Lair:5)
  A steam dragon (D:8)
  39 redbacks
  6 basilisks
  Menkaure (D:4)
  19 vampire mosquitoes
  Edmund (D:6)
  4 wargs (Orc:2)
  12 swamp worms
  2 harpy simulacra (IceCv)
  The ghost of bobo the Magician, an amateur DEEE (D:3)
  8 hell hounds
  13 water moccasins
  2 acid dragons
  Duvessa (D:5)
  4 black bears
  9 swamp drakes
  2 ice beasts
  32 orc warriors
  2 sky beasts (D:6)
  16 ogres
  12 centaurs
  A phantom (D:5)
  30 wolves
  A kobold brigand (D:9)
  10 bullfrogs
  A cane toad simulacrum (IceCv)
  18 scorpions
  2 wights (D:10)
  Dowan (D:5)
  14 killer bees
  An electric eel (Spider:2)
  9 howler monkeys
  4 crimson imps (D:15)
  3 human zombies
  3 centaur zombies (Ossuary)
  23 orc priests
  2 jellies
  2 hounds
  Crazy Yiuf (D:4)
  Ijyb (D:3)
  Terence (D:3)
  4 iguanas
  20 orc wizards
  10 hell rats
  5 scorpion zombies (Ossuary)
  2 polar bear simulacra (IceCv)
  3 spriggan simulacra (IceCv)
  3 troll simulacra (IceCv)
  3 wolf simulacra (IceCv)
  3 mummies (Ossuary)
  8 adders
  4 gnolls
  7 naga simulacra (IceCv)
  4 shadow imps
  7 white imps
  6 ufetubi
  A worm (D:4)
  2 dart slugs
  87 orcs
  6 ball pythons
  5 endoplasms
  4 giant cockroaches
  A gnoll zombie (Ossuary)
  32 hobgoblins
  18 jackals
  5 quokkas
  3 bats
  A frilled lizard (D:2)
  30 goblins
  A goblin zombie (Ossuary)
  5 hobgoblin zombies (Ossuary)
  9 kobolds
  A kobold zombie (Ossuary)
  4 rats
  3 butterflies (Lair:2)
  A lurking horror (Abyss:4)
  7 starspawn tentacles (Abyss:4)
1226 creatures vanquished.

Vanquished Creatures (collateral kills)
  A tentacled starspawn (Abyss:4)
  An emperor scorpion (Spider:4)
  A ghost moth (Spider:4)
  A reaper (IceCv)
  An apocalypse crab (Abyss:4)
  A gargoyle (D:12)
  A tyrant leech (Swamp:4)
  A tarantella (Spider:4)
  A redback (Spider:4)
  A centaur (D:12)
  An orc (D:12)
11 creatures vanquished.

Vanquished Creatures (others)
  A deep troll (Vaults:1)
  An unseen horror (D:12)
  3 bloated husks
  A swamp worm (Swamp:4)
  A small abomination (Abyss:4)
  An orc priest (Orc:2)
  An ufetubus (Abyss:4)
  12 foxfires
  A lurking horror (Abyss:4)
  A spectral weapon (D:13)
  10 starspawn tentacles
33 creatures vanquished.

Grand Total: 1270 creatures vanquished

Notes
Turn   | Place    | Note
-------+----------+-------------------------------------------
     0 | D:1      | tizbic2 the Armataur Venom Mage began the quest for the
                  | Orb.
     0 | D:1      | Reached XP level 1. HP: 14/14 MP: 3/3
    47 | D:1      | Reached skill level 1 in Transmutations
   119 | D:1      | Reached XP level 2. HP: 8/21 MP: 4/4
   315 | D:1      | Reached XP level 3. HP: 28/28 MP: 6/6
   349 | D:1      | Learned a level 2 spell: Poisonous Vapours
   694 | D:1      | Gained mutation: You are dopey. (Int -2) [potion of
                  | mutation]
   694 | D:1      | Gained mutation: Your spells are a little harder to cast,
                  | but a little more powerful. [potion of mutation]
   694 | D:1      | Lost mutation: Your spells are a little harder to cast, but
                  | a little more powerful. [potion of mutation]
   694 | D:1      | Gained mutation: You are occasionally teleported next to
                  | monsters. [potion of mutation]
   694 | D:1      | Gained mutation: Your movements are slightly less
                  | encumbered by armour. (ER -2) [potion of mutation]
  1219 | D:2      | Reached skill level 1 in Maces & Flails
  1341 | D:2      | Reached XP level 4. HP: 36/36 MP: 7/7
  1385 | D:2      | You fall into a shaft and drop 1 floor!
  1405 | D:3      | Lost mutation: You are dopey. (Int -2) [potion of mutation]
  1405 | D:3      | Lost mutation: You are occasionally teleported next to
                  | monsters. [potion of mutation]
  1405 | D:3      | Lost mutation: Your movements are slightly less encumbered
                  | by armour. (ER -2) [potion of mutation]
  1405 | D:3      | Gained mutation: You have hidden genetic defects. [potion
                  | of mutation]
  1405 | D:3      | Gained mutation: You have sharp fingernails. [potion of
                  | mutation]
  1405 | D:3      | Gained mutation: You possess an exceptional clarity of
                  | mind. [potion of mutation]
  1405 | D:3      | Gained mutation: Your muscles are strong. (Str +4, Int/Dex
                  | -1) [potion of mutation]
  1405 | D:3      | Gained mutation: You have a somewhat thin skeletal
                  | structure. (Dex +2, Stealth+) [potion of mutation]
  1405 | D:3      | Gained mutation: You are agile. (Dex +4, Str/Int -1)
                  | [potion of mutation]
  1405 | D:3      | Gained mutation: You have very sharp fingernails. [potion
                  | of mutation]
  1643 | D:3      | Noticed bobo's ghost (amateur DEEE)
  1644 | D:3      | Found a runed translucent gate.
  1644 | D:3      | Found a runed translucent gate.
  1644 | D:3      | Found a runed translucent gate.
  1658 | D:3      | Killed bobo's ghost
  1659 | D:3      | Reached skill level 1 in Fighting
  1659 | D:3      | Reached XP level 5. HP: 42/42 MP: 8/8
  1675 | D:3      | Gained mutation: You are vulnerable to cold. (rC-) [hidden
                  | defects]
  1750 | D:3      | Noticed Terence
  1759 | D:3      | Killed Terence
  1910 | D:3      | Lost mutation: Your muscles are strong. (Str +4, Int/Dex
                  | -1) [hidden defects]
  1910 | D:3      | Lost mutation: You have hidden genetic defects. [hidden
                  | defects expressed]
  1981 | D:3      | Noticed Ijyb
  1990 | D:3      | Killed Ijyb
  2143 | D:3      | Learned a level 4 spell: Olgreb's Toxic Radiance
  2227 | D:3      | Noticed Sigmund
  2233 | D:3      | Killed Sigmund
  2234 | D:3      | Reached XP level 6. HP: 51/51 MP: 8/10
  2455 | D:4      | Noticed Grinder
  2481 | D:4      | Killed Grinder
  2482 | D:4      | Reached XP level 7. HP: 26/58 MP: 11/11
  2724 | D:4      | Found a stormy altar of Qazlal.
  2742 | D:4      | Became a worshipper of Qazlal Stormbringer
  2780 | D:4      | Identified the +1 robe of Makhleb's Supremacy {Drain rElec
                  | Str+3 Dex+2}
  2799 | D:4      | Noticed Menkaure
  2807 | D:4      | Killed Menkaure
  3029 | D:4      | Reached * piety under Qazlal
  3340 | D:4      | Reached skill level 5 in Poison Magic
  3343 | D:4      | Reached ** piety under Qazlal
  3432 | D:4      | Reached skill level 1 in Translocations
  3653 | D:4      | Found a runed translucent door.
  3654 | D:4      | Noticed Crazy Yiuf
  3659 | D:4      | Killed Crazy Yiuf
  3660 | D:4      | Reached XP level 8. HP: 66/66 MP: 9/12
  3748 | D:5      | Entered Level 5 of the Dungeon
  3832 | D:5      | Noticed Dowan
  3836 | D:5      | Noticed Duvessa
  3848 | D:5      | Killed Duvessa
  3851 | D:5      | Killed Dowan
  3901 | D:5      | Lost mutation: You are agile. (Dex +4, Str/Int -1) [potion
                  | of mutation]
  3901 | D:5      | Lost mutation: You have a somewhat thin skeletal structure.
                  | (Dex +2, Stealth+) [potion of mutation]
  3901 | D:5      | Lost mutation: You have very sharp fingernails. [potion of
                  | mutation]
  3901 | D:5      | Lost mutation: You are vulnerable to cold. (rC-) [potion of
                  | mutation]
  3901 | D:5      | Lost mutation: You possess an exceptional clarity of mind.
                  | [potion of mutation]
  3901 | D:5      | Lost mutation: You have sharp fingernails. [potion of
                  | mutation]
  3901 | D:5      | Gained mutation: You are frail. (-10% HP) [potion of
                  | mutation]
  3901 | D:5      | Gained mutation: Your flesh is cold resistant. (rC+)
                  | [potion of mutation]
  3901 | D:5      | Gained mutation: Your flesh is heat resistant. (rF+)
                  | [potion of mutation]
  3901 | D:5      | Gained mutation: You are partially covered in iridescent
                  | scales. (AC +2) [potion of mutation]
  3901 | D:5      | Gained mutation: You have an increased reservoir of magic.
                  | (+10% MP) [potion of mutation]
  3901 | D:5      | Gained mutation: You occasionally lose the ability to read
                  | scrolls when taking damage. [potion of mutation]
  3901 | D:5      | Gained mutation: Your system is resistant to poisons.
                  | (rPois) [potion of mutation]
  4008 | D:5      | Found a staircase to the Ecumenical Temple.
  4294 | D:6      | Reached skill level 1 in Armour
  4294 | D:6      | Reached skill level 1 in Invocations
  4353 | D:6      | Reached skill level 5 in Maces & Flails
  4404 | D:6      | Found a sand-covered staircase.
  4409 | Ossuary  | Entered an ossuary
  4431 | Ossuary  | Reached skill level 1 in Conjurations
  4436 | Ossuary  | Reached skill level 1 in Air Magic
  4491 | Ossuary  | Reached XP level 9. HP: 66/67 MP: 16/16
  4564 | Ossuary  | Reached *** piety under Qazlal
  4849 | D:6      | Noticed Edmund
  4861 | D:6      | Killed Edmund
  4947 | D:6      | Found a faded altar of an unknown god.
  4947 | D:6      | Found a basalt altar of Yredelemnul.
  4956 | D:6      | Found a glowing golden altar of the Shining One.
  4961 | D:6      | Found a faded altar of an unknown god.
  4963 | D:6      | Found a radiant altar of Vehumet.
  5058 | D:6      | Found the +7 staff of the Meek {protect, meekguard}
  5255 | D:6      | Reached **** piety under Qazlal
  5392 | D:7      | Identified the +8 rapier "Bukkuw" {freeze, rElec rPois rC-
                  | rCorr}
  5481 | D:7      | Learned a level 2 spell: Blink
  5499 | D:7      | Found Eriffom's Serpentskin Sales.
  5504 | D:7      | Reached skill level 1 in Staves
  5878 | D:7      | Noticed Joseph
  5881 | D:7      | Reached XP level 10. HP: 76/76 MP: 10/18
  5889 | D:7      | Killed Joseph
  6081 | D:7      | Found Ofeg's General Store.
  6090 | D:7      | Bought a +0 helmet for 58 gold pieces
  6398 | D:8      | Learned a level 3 spell: Mephitic Cloud
  6417 | D:8      | Reached skill level 5 in Invocations
  6711 | D:8      | Noticed a two-headed ogre
  6719 | D:8      | Killed a two-headed ogre
  7045 | D:9      | Reached ***** piety under Qazlal
  7070 | D:9      | Reached skill level 5 in Fighting
  7070 | D:9      | Reached skill level 5 in Spellcasting
  7079 | D:9      | Identified the orb of Trial and Error {mayhem, rN+ Will+
                  | Int+4}
  7165 | D:9      | Noticed a two-headed ogre
  7184 | D:9      | Killed a two-headed ogre
  7185 | D:9      | Reached XP level 11. HP: 28/83 MP: 12/20
  7448 | D:9      | Reached skill level 5 in Armour
  7737 | D:10     | Entered Level 10 of the Dungeon
  7737 | D:10     | Noticed Maurice
  7744 | D:10     | Killed Maurice
  7858 | D:10     | Noticed a deep elf pyromancer
  7858 | D:10     | Noticed an orc sorcerer
  7858 | D:10     | Noticed an orc sorcerer
  7869 | D:10     | Killed an orc sorcerer
  7871 | D:10     | Killed an orc sorcerer
  7872 | D:10     | Killed a deep elf pyromancer
  7964 | D:10     | Noticed an ogre mage
  7975 | D:10     | Killed an ogre mage
  7976 | D:10     | Reached skill level 5 in Staves
  7990 | D:10     | Noticed a centaur warrior
  8000 | D:10     | Killed a centaur warrior
  8021 | D:10     | Noticed a boulder beetle
  8053 | D:10     | Killed a boulder beetle
  8122 | D:10     | Reached skill level 1 in Evocations
  8155 | D:10     | Identified the ring of Kytwok {Will+ rCorr Int+6}
  8155 | D:10     | Identified the ring "Edil" {Ice rElec Will+ Str-5 Slay+3
                  | SInv}
  8155 | D:10     | Identified the +4 flail "Magen" {freeze, rF+ rC+ Str+2}
  8225 | D:10     | Found a flagged portal.
  8241 | Bailey   | Entered a bailey
  8400 | Bailey   | Noticed a two-headed ogre
  8409 | Bailey   | Killed a two-headed ogre
  8410 | Bailey   | Reached XP level 12. HP: 51/92 MP: 9/22
  8860 | D:11     | Found a transporter.
  8900 | D:11     | Found a staircase to the Orcish Mines.
  8979 | D:11     | Reached skill level 5 in Air Magic
  9057 | D:11     | Found a transporter.
  9081 | D:11     | Identified a scroll of acquirement
  9081 | D:11     | Acquired the +3 barding "Omiriaf" {Int+4}
  9140 | D:11     | Found a frozen archway.
  9141 | D:11     | Noticed an ice dragon
  9165 | D:11     | Killed an ice dragon
  9174 | IceCv    | Entered an ice cave
  9379 | IceCv    | Reached ****** piety under Qazlal
  9407 | IceCv    | Noticed a reaper
  9451 | IceCv    | Killed a reaper
  9676 | D:11     | Found a transporter.
  9681 | D:11     | Found a transporter.
  9696 | D:11     | Found a transporter.
  9696 | D:11     | Found a transporter.
 10069 | D:11     | Found a staircase to the Lair.
 10111 | D:12     | Reached skill level 5 in Evocations
 10115 | D:12     | Noticed a two-headed ogre
 10197 | D:12     | Reached XP level 13. HP: 58/100 MP: 12/24
 10720 | D:13     | Noticed Azrael
 10777 | D:13     | Killed Azrael
 11018 | D:13     | Found a gate to the Vaults.
 11217 | D:13     | Found an opulent altar of Gozag.
 11528 | D:13     | Learned a level 5 spell: Alistair's Intoxication
 11893 | D:14     | Noticed a war gargoyle
 11944 | D:14     | Learned a level 3 spell: Ignite Poison
 12548 | D:15     | Entered Level 15 of the Dungeon
 12584 | D:15     | Reached XP level 14. HP: 109/109 MP: 24/27
 12707 | D:15     | Found Hetaqygh's Jewellery Boutique.
 12755 | D:15     | Noticed Agnes
 12773 | D:15     | Killed Agnes
 12865 | D:15     | Found a gate leading to a gauntlet.
 12874 | Gauntlet | Entered a Gauntlet
 12874 | Gauntlet | Found a transporter.
 12881 | Gauntlet | Found a transporter.
 12883 | Gauntlet | Found a transporter.
 12898 | Gauntlet | Found a transporter.
 12900 | Gauntlet | Found a transporter.
 12909 | Gauntlet | Found a transporter.
 12924 | Gauntlet | Found a runed translucent gate.
 12925 | Gauntlet | Found a transporter.
 12925 | Gauntlet | Found a runed translucent gate.
 12926 | Gauntlet | Found a runed translucent gate.
 12935 | Gauntlet | Found a transporter.
 12948 | Gauntlet | Found a transporter.
 12960 | Gauntlet | Found a transporter.
 12969 | Gauntlet | Found a transporter.
 12972 | Gauntlet | Found a transporter.
 13056 | Gauntlet | Found a transporter.
 13072 | Gauntlet | Identified the +0 chain mail of Bedevilment {Int+4}
 13109 | Gauntlet | Found a transporter.
 13137 | Gauntlet | Identified the ring of Xom's Ringing Laughter {Fly rF+
                  | Int-3 SInv}
 13601 | D:15     | Found a staircase to the Depths.
 14238 | Lair:1   | Entered Level 1 of the Lair of Beasts
 14252 | Lair:1   | Reached skill level 1 in Ice Magic
 14526 | Lair:1   | Reached skill level 1 in Fire Magic
 14831 | Lair:1   | Found a broken altar of Ashenzari.
 15022 | Lair:2   | Noticed Gastronok
 15034 | Lair:2   | Killed Gastronok
 15105 | Lair:2   | Upgraded the game from 0.30.0-30-g96aa6591b8 to 0.30.1
 15405 | Lair:2   | Noticed Erica
 15414 | Lair:2   | Killed Erica
 15709 | Lair:3   | Reached XP level 15. HP: 113/117 MP: 23/30
 15878 | Lair:3   | Found a hole to the Spider Nest.
 15888 | Lair:3   | Learned a level 5 spell: Freezing Cloud
 15966 | Lair:3   | Found a transporter.
 15967 | Lair:3   | Found a transporter.
 16456 | Lair:3   | Identified the +8 quarterstaff "Pop Yqo" {venom, Will++
                  | Str+2 SInv}
 16545 | Lair:3   | Found a staircase to the Swamp.
 16835 | Lair:4   | Reached skill level 10 in Armour
 17101 | Lair:4   | Learned a level 3 spell: Frozen Ramparts
 17359 | Lair:4   | Identified the +6 scale mail of the Rose {Int+6}
 17390 | Lair:4   | Found a staircase to the Slime Pits.
 17390 | Lair:4   | Found a viscous altar of Jiyva.
 17541 | Lair:5   | Entered Level 5 of the Lair of Beasts
 17546 | Lair:5   | Noticed Kirke
 17560 | Lair:5   | Killed Kirke
 17593 | Lair:5   | Reached skill level 5 in Ice Magic
 17748 | Lair:5   | Noticed Josephine
 17754 | Lair:5   | Killed Josephine
 18087 | Lair:5   | Reached skill level 5 in Conjurations
 18345 | Lair:5   | Found a burning altar of Makhleb.
 18365 | Lair:5   | Reached skill level 10 in Spellcasting
 18376 | Lair:5   | Reached XP level 16. HP: 80/126 MP: 13/33
 18494 | Lair:5   | Found a gateway to Hell.
 18793 | Orc:1    | Entered Level 1 of the Orcish Mines
 18884 | Orc:1    | Noticed Nergalle
 18889 | Orc:1    | Found a bloodstained altar of Trog.
 18892 | Orc:1    | Killed Nergalle
 19165 | Orc:2    | Entered Level 2 of the Orcish Mines
 19169 | Orc:2    | Noticed Donald
 19176 | Orc:2    | Killed Donald
 19313 | Orc:2    | Found a staircase to the Elven Halls.
 19616 | Orc:2    | Found Yleepsel's Antique Armour Shop.
 19620 | Orc:2    | Found Pamoj's Antique Weapon Boutique.
 19781 | Orc:2    | Found Usheum's Antique Weapon Boutique.
 20046 | Spider:1 | Entered Level 1 of the Spider Nest
 20050 | Spider:1 | Noticed Mlioglotl
 20123 | Swamp:1  | Entered Level 1 of the Swamp
 20345 | Swamp:1  | Learned a level 4 spell: Airstrike
 20411 | Swamp:1  | Identified the +0 robe "Jeidaan" {Drain Slay+5 Archmagi}
 21158 | Swamp:2  | Paralysed by a fenstrider witch for 4 turns
 21319 | Swamp:3  | Reached skill level 5 in Fire Magic
 21373 | Swamp:3  | Identified the +4 ring mail "Veva" {rF+}
 21786 | Swamp:4  | Entered Level 4 of the Swamp
 21906 | Swamp:4  | Noticed the 27-headed Lernaean hydra
 21928 | Swamp:4  | Killed the 27-headed Lernaean hydra
 21950 | Swamp:4  | Reached XP level 17. HP: 71/133 MP: 24/35
 22245 | Swamp:4  | Found a runed translucent gate.
 22246 | Swamp:4  | Found a runed translucent gate.
 22248 | Swamp:4  | Noticed Ykec Esm's ghost (journeyman DrWn)
 22249 | Swamp:4  | Found a runed translucent gate.
 22288 | Swamp:4  | Noticed a tentacled monstrosity
 22297 | Swamp:4  | Killed a tentacled monstrosity
 22834 | Swamp:4  | Got a decaying rune of Zot
 23002 | Spider:1 | Noticed a lich
 23007 | Spider:1 | Killed Mlioglotl
 23441 | Spider:2 | Noticed Arachne
 23450 | Spider:2 | Reached skill level 10 in Fighting
 23452 | Spider:2 | Killed Arachne
 23712 | Spider:2 | Noticed Roxanne
 23989 | Spider:2 | Killed Roxanne
 25176 | Spider:4 | Entered Level 4 of the Spider Nest
 25358 | Spider:4 | Identified the +0 plate armour of the Nexus {-Cast Regen+
                  | SInv}
 25690 | Spider:4 | Reached XP level 18. HP: 43/134 MP: 0/37
 26386 | Spider:4 | Got a gossamer rune of Zot
 26411 | Spider:4 | Learned a level 4 spell: Summon Lightning Spire
 26627 | Slime:1  | Entered Level 1 of the Pits of Slime
 26637 | Slime:2  | Gained mutation: You occasionally lose the ability to drink
                  | potions when taking damage. [a shining eye]
 27095 | Vaults:1 | Entered Level 1 of the Vaults
 27191 | Vaults:1 | Reached skill level 1 in Summonings
 27311 | Vaults:1 | Paralysed by a sphinx for 2 turns
 27419 | Vaults:1 | Found a runed translucent door.
 27420 | Vaults:1 | Noticed Aerthanath's ghost (journeyman MiBe)
 27469 | Vaults:1 | Killed Aerthanath's ghost
 28338 | Vaults:1 | Found Mihoxec's General Store.
 28347 | Vaults:1 | Bought a potion of magic for 144 gold pieces
 28347 | Vaults:1 | Bought a scroll of poison for 72 gold pieces
 28347 | Vaults:1 | Bought a scroll of magic mapping for 135 gold pieces
 28507 | Abyss:2  | Cast into level 2 of the Abyss (a wizard)
 28673 | Abyss:4  | Noticed a lich
 28716 | Abyss:4  | Noticed a bone dragon
 28721 | Abyss:4  | Reached skill level 5 in Summonings
 28732 | Abyss:4  | HP: 5/149 [starcursed mass/accursed screaming (9)]
 28733 | Abyss:4  | Killed from afar by a lich

Illustrated notes

Levels and vault maps discovered:
D:1:      amcnicky_arrival_double_pillar, layout_basic, st_stairs_9,
          minmay_pentomino_u2
D:2:      layout_basic, eino_tiny_chamber
D:3:      layout_loops_ring, ebering_ghost_rock_garden, uniq_terence, uniq_ijyb,
          uniq_sigmund
D:4:      minmay_goblin_kobold_castle, layout_gridville, grunt_qazlal_sundering,
          uniq_grinder, uniq_crazy_yiuf_cottage, uniq_menkaure
D:5:      layout_rooms, minmay_temple_entry_fiery, uniq_duvessa
D:6:      layout_gridville, chequers_temple_overflow_minitemple,
          enter_ossuary_2, minmay_misc_feat_rugged, pf_guarded_unrand_meek,
          uniq_edmund
D:7:      layout_basic, serial_shops, shop, guppyfry_shop_venom, uniq_joseph
D:8:      layout_basic
D:9:      layout_basic, st_stairs_2, nicolae_titane
D:10:     minmay_the_grid_plus_closed [minmay_the_grid_stretched_grid,
          minmay_the_grid_tri_star, minmay_the_grid_diamond_grid,
          minmay_the_grid_spin_star, minmay_the_grid_prize_shrinking_boxes],
          layout_cave_pods, enter_bailey_5, kennysheep_another_room,
          uniq_maurice
D:11:     layout_roguey, grunt_lair_entry_orc_guard_hut, orc_0_dummy,
          portal_ice_cave_entry_animals_and_master, serial_nicolae_subway,
          nicolae_sub_station_crystal, nicolae_sub_station_stone,
          nicolae_sub_station_metal
D:12:     layout_rooms
D:13:     layout_layer_cave, david_vaults_4, minivault_19,
          grunt_gozag_breadcrumbs, uniq_azrael
D:14:     minmay_inner_zag, layout_irregular_city, hangedman_decor_opposing,
          kennysheep_island_fort
D:15:     grunt_enter_depths_hoard, layout_basic, gauntlet_entry_generic,
          serial_shops, shop, hangedman_decor_points, minmay_fire_ice_demons,
          uniq_agnes
Lair:1:   layout_chaotic_city, basic_altar, minivault_19,
          nicolae_lair_run_with_the_wolves, lemuel_fruit_fields
Lair:2:   layout_small_grid, lemuel_fruit_fields, uniq_erica, uniq_gastronok
Lair:3:   gammafunk_boulding_lane, layout_cave_pods, minmay_swamp_entry_worms,
          dummy_spider_entry, gammafunk_lair_bear_cave
Lair:4:   layout_cave_pods, slime_entry_1, grunt_megastairs_2
Lair:5:   evil_forest, layout_regular_city, uniq_kirke, uniq_josephine
Swamp:1:  layout_falls_marsh, evilmike_swamp_ruin_house_2, swamp_pool3
Swamp:2:  gammafunk_mikee_crab_dinner, layout_basic_swamp,
          nicolae_swamp_little_tower, swamp_pool4, cheibrodos_swamp_witchery,
          infiniplex_staircase_pool
Swamp:3:  layout_basic_swamp, hangedman_swamp_blocks
Swamp:4:  swamp_old_school, layout_basic_swamp, gammafunk_ghost_necromancy
Spider:1: layout_spider_delve, uniq_mlioglotl
Spider:2: layout_spider_delve, uniq_roxanne, uniq_arachne
Spider:3: layout_cave_pods
Spider:4: spider_rune_water
Slime:1:  layout_caves
Slime:2:  layout_caves, nicolae_slime_round_cave
Orc:1:    layout_caves, basic_altar, trog_butcher_becter, uniq_nergalle
Orc:2:    grunt_orc_community_town_hall, layout_diamond_mine,
          grunt_orc_community_big_house_2, grunt_orc_community_big_house_1,
          grunt_orc_community_house_3, grunt_orc_community_house_1,
          grunt_orc_community_house_2, grunt_orc_community_house_2,
          grunt_orc_community_house_1, uniq_donald
Vaults:1: hellmonk_ghost_happy_afterlife, nicolae_vaults_puzzle_piece,
          v_misc_13, nicolae_vaults_shipping_containers_6, v_misc_30,
          nicolae_vaults_apartment_2, nicolae_vaults_surprise_closet,
          nicolae_vaults_tetromino_L_1, layout_vaults_omnicross, serial_shops,
          shop
Vaults:2: portal_desolation_entry_nicolae_nacl,
          nicolae_vaults_storage_closets_2, nicolae_vaults_spaceships,
          nicolae_vaults_door_testing_chamber, vaults_mumra_minichess,
          vaults_mumra_lcd, ontoclasm_vaults_hangar, nicolae_vaults_apartment_1,
          layout_vaults_omnigrid
Abyss:4:  base: Zot:4, nicolae_abyss_rune_left_handed,
          nicolae_abyss_rune_left_handed

Skill      XL: |  1  2  3  4  5  6  7  8  9 10 11 12 13 14 15 16 17 18 |
---------------+-------------------------------------------------------+-----
Transmutations | 1 2 3 4 |  4.2
Spellcasting   | 2 3 4 5 6 7 8 10 11 12 | 12.7
Poison Magic   | 3 4 5 6 7 8 9 |  9.2
Maces & Flails | 1 2 3 4 5 |  5.8
Fighting       | 1 2 3 4 5 6 7 8 9 10 11 | 11.8
Dodging        | 2 3 |  3.2
Translocations | 1 2 |  2.0
Armour         | 1 3 4 6 7 8 9 10 11 12 | 12.7
Invocations    | 1 4 5 7 8 9 |  9.3
Conjurations   | 1 2 3 5 6 7 |  7.5
Air Magic      | 1 2 3 4 5 6 7 8 9 |  9.8
Staves         | 1 4 6 7 8 9 |  9.4
Evocations     | 2 5 6 |  6.9
Ice Magic      | 2 5 7 9 |  9.9
Fire Magic     | 1 3 5 6 |  6.6
Summonings     | 5 |  5.0
Stealth        | |  2.1

Action                     |  1- 3 |  4- 6 |  7- 9 | 10-12 | 13-15 | 16-18 || total
---------------------------+-------+-------+-------+-------+-------+-------++-------
  Melee: Unarmed           |    11 |       |       |       |       |       ||    11
         Dagger            |    18 |       |     4 |       |       |       ||    22
         Tailslap          |     4 |     7 |    58 |    95 |   180 |   244 ||   588
         Whip              |    52 |    69 |   331 |       |       |       ||   452
         Punch             |     1 |     2 |     5 |     3 |    10 |    10 ||    31
         Quarterstaff      |       |       |    56 |   369 |   348 |   439 ||  1212
         Staff             |       |       |       |   146 |   524 |   608 ||  1278
         Rapier            |       |       |       |    15 |    32 |     7 ||    54
   Fire: Arbalest          |       |       |       |     4 |       |       ||     4
         Longbow           |       |       |       |     2 |    11 |       ||    13
   Cast: Sting             |     4 |       |       |       |       |       ||     4
         Poisonous Vapours |     1 |       |    12 |    27 |    53 |    32 ||   125
         Olgreb's Toxic Ra |       |       |     5 |    30 |    41 |    53 ||   129
         Mephitic Cloud    |       |       |       |    10 |    30 |    14 ||    54
         Blink             |       |       |       |     2 |     1 |     1 ||     4
         Ignite Poison     |       |       |       |       |    41 |    62 ||   103
         Freezing Cloud    |       |       |       |       |     7 |    36 ||    43
         Frozen Ramparts   |       |       |       |       |     5 |    11 ||    16
         Airstrike         |       |       |       |       |       |    12 ||    12
 Invoke: Upheaval          |       |       |     1 |     1 |       |       ||     2
         Elemental Force   |       |       |       |     1 |     1 |     4 ||     6
         Disaster Area     |       |       |       |       |       |     3 ||     3
  Evoke: Wand              |       |       |       |     3 |     1 |     1 ||     5
    Use: Potion            |     2 |     1 |     1 |       |     3 |    21 ||    28
         Scroll            |     3 |     9 |    10 |     6 |     5 |     8 ||    41
   Stab: Sleeping          |     7 |     4 |     7 |       |       |       ||    18
         Confused          |       |       |       |     4 |     1 |     1 ||     6
         Petrified         |       |       |       |       |     9 |       ||     9
         Invisible         |       |       |       |       |       |     4 ||     4
         Paralysed         |       |       |       |       |       |     2 ||     2
 Armour: Robe              |    18 |       |    65 |       |       |       ||    83
         Ring mail         |    11 |    15 |    56 |   404 |   631 |       ||  1117
         Leather armour    |       |     5 |     6 |       |       |       ||    11
         Chain mail        |       |       |   140 |       |       |       ||   140
         Scale mail        |       |       |       |       |   109 |  1434 ||  1543
  Dodge: Dodged            |    31 |    22 |   183 |   188 |   247 |   436 ||  1107
         Repelled          |       |       |     1 |     2 |     4 |    11 ||    18
  Block: Other             |       |       |    47 |   202 |   351 |   589 ||  1189
